 Dungeon Crawl Stone Soup version 0.31-a0-726-g3c93526463 (webtiles) character file.

Game seed: 16530423104349936728

2144 Ordine the Ruffian (level 9, -2/61 HPs)
             Began as an Octopode Shapeshifter on Sept 11, 2023.
             Was a Believer of Dithmenos.
             Slain by an orc
             ... wielding a +0 falchion
              (3 damage)
             ... on level 6 of the Dungeon.
             The game lasted 00:09:43 (5137 turns).

Ordine the Ruffian (Octopode Shapeshifter)          Turns: 5137, Time: 00:09:44

Health: -2/61      AC:  1    Str: 17    XL:     9   Next: 30%
Magic:  9/9        EV: 14    Int: 18    God:    Dithmenos [**....]
Gold:   305        SH:  0    Dex: 11    Spells: 8/8 levels left

rFire   + .          .
                       - Unarmed
rCold   . . .        (no shield)
rNeg    . . .        (helmet currently unavailable)
rPois   .            p - amulet of Twilight {rF+ Regen+ Int+5}
rElec   .            t - ring of resist corrosion
rCorr   +            (no ring)
SInv    .            (no ring)
Will    .....        (no ring)
Stlth   ++++         (no ring)
HPRegen 1.10/turn    (no ring)
MPRegen 0.11/turn    (no ring)
                     (no ring)

%: no passive effects
@: beast-form, wreathed by umbra
A: beast (slay +3), almost no armour, amphibious, 8 rings, camouflage 1,
gelatinous body 1, (nimble swimmer 1), tentacles
a: Begin Untransformation, Renounce Religion, Shadow Step


You were on level 6 of the Dungeon.
You worshipped Dithmenos.
Dithmenos was pleased with you.
You were a hulking beast.
You visited 2 branches of the dungeon, and saw 7 of its levels.
You also visited: Sewer.

You collected 305 gold pieces.

Inventory:

Jewellery
 f - an amulet of guardian spirit
 p - the amulet of Twilight (around mantle) {rF+ Regen+ Int+5}
   (You found it on level 4 of the Dungeon)

   [amulet of regeneration]

   Int+5:     It affects your intelligence (+5).
   rF+:       It protects you from fire.
   Regen+:    It increases your rate of health regeneration.
 t - a ring of resist corrosion (left tentacle)
Talismans
 b - a beast talisman (active)
 c - a flux talisman
Wands
 s - a wand of roots (5)
Scrolls
 d - 6 scrolls of teleportation
 e - a scroll of silence
 g - 2 scrolls of blinking {unknown}
 n - a scroll of revelation {unknown}
 o - a scroll of enchant weapon {unknown}
 q - a scroll of butterflies {unknown}
 r - a scroll of fog {unknown}
 u - a scroll of enchant armour {unknown}
 v - a scroll of amnesia {unknown}
 y - a scroll of noise {unknown}
 A - 2 scrolls of fear {unknown}
 B - a scroll of poison {unknown}
Potions
 a - a potion of lignification
 h - a potion of mutation
 i - 2 potions of enlightenment
 j - a potion of berserk rage
 k - 2 potions of curing
 l - 3 potions of haste
 m - 2 potions of attraction {unknown}
 w - a potion of ambrosia {unknown}
 x - 3 potions of cancellation {unknown}
 z - a potion of brilliance {unknown}
 C - a potion of might {unknown}
 D - 2 potions of resistance {unknown}


   Skills:
 + Level 5.0 Fighting
 + Level 5.2 Dodging
 - Level 5.0 Stealth
 + Level 7.5 Unarmed Combat
 * Level 6.0 Shapeshifting


You had 8 spell levels left.
You didn't know any spells.
Your spell library contained the following spells:

 Spells                   Type           Power      Damage    Failure   Level
 Ensorcelled Hibernation  Hex/Ice        0%         N/A       32%         2
 Passwall                 Tmut/Erth      0%         N/A       32%         2
 Frozen Ramparts          Ice            0%         1d1       54%         3
 Swiftness                Air            0%         N/A       54%         3
 Tukima's Dance           Hex            0%         N/A       54%         3
 Dimensional Bullseye     Hex/Tloc       0%         N/A       91%         4
 Iskenderun's Mystic Bla  Conj/Tloc      0%         2d3       91%         4
 Petrify                  Tmut/Erth      0%         N/A       91%         4
 Metabolic Englaciation   Hex/Ice        0%         N/A       99%         5


Dungeon Overview and Level Annotations

Branches:
Dungeon (6/15)             Temple (1/1) D:5           Sewer (visited)

Altars:
Ashenzari
Cheibriados
Dithmenos
Gozag
Hepliaklqana
Kikubaaqudgha
Qazlal
Ru
Sif Muna
Wu Jian
Xom
Yredelemnul
Zin
The Shining One

Shops:
D:1 :   D:4 =


Innate Abilities, Weirdness & Mutations

You are a hulking beast.
Your limbs bulge with bestial killing power. (Slay +3)
You cannot wear most types of armour.
You are amphibious.
You can wear up to eight rings at the same time.
Your skin changes colour to match your surroundings (Stealth+).
Your rubbery body absorbs attacks. (AC +1, EV +1)
((You are camouflaged when in or above water. (Stealth+)))
You have tentacles for arms and can constrict up to eight enemies at once.


Message History

The orc warrior closely misses you. The orc closely misses you.
Something hits you!
You bludgeon the orc warrior!
You kill the orc warrior!
Dithmenos accepts your kill. The orc hits you with a +0 falchion.
The orc barely misses you.
Your Fighting skill increases to level 5!
Your Shapeshifting skill increases to level 6!
You barely miss the hound. You grab the hound. You constrict the hound.
You hear some strange, mumbled words.
Something tries to affect you, but you resist.
The hound bites you. The orc hits you with a +0 falchion.
You are too injured to fight recklessly!
You tentacle-slap the hound.
The hound is moderately wounded.
You constrict the hound, but do no damage.
The hound barely misses you.
The orc hits you from afar with a +0 trident.
Something hits you.
* * * LOW HITPOINT WARNING * * *
The hound barely misses you. The orc closely misses you.
Unknown command.
You feel better.
You constrict the hound.
The orc hits you from afar with a +0 trident!
* * * LOW HITPOINT WARNING * * *
Something hits you.
* * * LOW HITPOINT WARNING * * *
The hound bites you.
* * * LOW HITPOINT WARNING * * *
The orc hits you with a +0 falchion.
* * * LOW HITPOINT WARNING * * *
Unknown command.
You feel better.
You constrict the hound. The hound bites you.
* * * LOW HITPOINT WARNING * * *
The orc misses you. Something hits you.
* * * LOW HITPOINT WARNING * * *
The hound bites you.
* * * LOW HITPOINT WARNING * * *
The orc hits you with a +0 falchion.
You die...

.......#########.)...##.#..#.###.
######......# #.#####.....#.#<..
#......####.# #.....#.###.
#...........### #.###.#.....
######......##..... ... #.#####.
#....#....).##....##### #.. #.
#....#..#...##.o..# #.#. #.
#....#..#~~~##.oh{# #.#####.
#....#..#~~~#...h.# #.......
#....#..#~~~###!..# #######.
#....#..#~~~# #...# #.
#....#..#~.~# #...# #.
.....####~~~###...### #. )....#
#~~~#.......# #. .....#
#~~~#...†...# #. .....#
#~~~#.......# #. .....#
#...#.......# #.


You could see a hound and 2 orcs.

Vanquished Creatures
  Pikel (D:4)
  Grinder (D:3)
  Menkaure (D:5)
  A water moccasin (D:5)
  An orc warrior (D:6)
  2 phantoms
  2 kobold brigands
  3 scorpions
  2 quasits (Sewer)
  2 hounds (D:6)
  3 jellies
  Crazy Yiuf (D:2)
  An orc priest (D:4)
  3 iguanas
  Ijyb (D:5)
  A sleepcap (D:5)
  2 orc wizards
  3 gnolls (D:5)
  8 adders
  4 shadow imps
  A white imp (D:4)
  4 ufetubi
  3 adder zombies (Sewer)
  2 worms
  A dart slug (D:3)
  11 orcs
  10 ball pythons
  6 endoplasms
  6 giant cockroaches
  A goblin (D:1)
  9 hobgoblins
  9 jackals
  20 kobolds
  6 quokkas
  5 bats
  3 frilled lizards
  2 giant cockroach zombies (Sewer)
  5 rats
147 creatures vanquished.

Vanquished Creatures (others)
  An adder zombie (Sewer)
1 creature vanquished.

Grand Total: 148 creatures vanquished

Notes
Turn   | Place    | Note
-------+----------+-------------------------------------------
     0 | D:1      | Ordine the Octopode Shapeshifter began the quest for the
                  | Orb.
     0 | D:1      | Reached XP level 1. HP: 13/13 MP: 1/1
    15 | D:1      | Found a faded altar of an unknown god.
    74 | D:1      | Reached XP level 2. HP: 16/18 MP: 2/2
   235 | D:1      | Reached skill level 1 in Stealth
   571 | D:1      | Found Nyzxash's Book Boutique.
   577 | D:1      | Reached XP level 3. HP: 23/23 MP: 3/3
   775 | D:2      | Reached XP level 4. HP: 18/28 MP: 4/4
  1217 | D:2      | Found a runed translucent door.
  1218 | D:2      | Noticed Crazy Yiuf
  1330 | D:2      | Killed Crazy Yiuf
  1434 | D:3      | Reached skill level 4 in Unarmed Combat
  1437 | D:3      | Reached XP level 5. HP: 27/34 MP: 5/5
  1550 | D:3      | Found a shimmering altar of Xom.
  1693 | D:3      | Noticed Grinder
  1710 | D:3      | Paralysed by Grinder for 2 turns
  1727 | D:3      | Killed Grinder
  1728 | D:3      | Reached XP level 6. HP: 19/41 MP: 1/6
  1908 | D:3      | Reached skill level 5 in Unarmed Combat
  2402 | D:4      | Found Deqasch Olebb's Jewellery Boutique.
  2503 | D:4      | Reached XP level 7. HP: 45/45 MP: 7/7
  2604 | D:4      | Identified the amulet of Twilight {rF+ Regen+ Int+5}
  2778 | D:4      | Found a glowing silver altar of Zin.
  2785 | D:4      | Found a hazy altar of Hepliaklqana.
  3288 | D:5      | Entered Level 5 of the Dungeon
  3288 | D:5      | Found a shimmering blue altar of Sif Muna.
  3388 | D:5      | Found a broken altar of Ashenzari.
  3407 | D:5      | Found a stormy altar of Qazlal.
  3419 | D:5      | Found a staircase to the Ecumenical Temple.
  3432 | Temple   | Entered the Ecumenical Temple
  3441 | Temple   | Became a worshipper of Dithmenos the Shadowed
  3455 | D:5      | Found an ornate altar of the Wu Jian Council.
  3559 | D:5      | Noticed Pikel
  3585 | D:4      | Killed Pikel
  3586 | D:4      | Reached skill level 5 in Stealth
  3586 | D:4      | Reached skill level 6 in Unarmed Combat
  3586 | D:4      | Reached XP level 8. HP: 22/54 MP: 8/8
  3689 | D:5      | Noticed Menkaure
  3698 | D:5      | Killed Menkaure
  3712 | D:5      | Reached skill level 5 in Shapeshifting
  3724 | D:5      | Noticed Ijyb
  3732 | D:5      | Killed Ijyb
  4207 | D:5      | Found a sacrificial altar of Ru.
  4393 | D:6      | Reached skill level 7 in Unarmed Combat
  4507 | D:6      | Reached XP level 9. HP: 59/59 MP: 9/9
  4602 | D:6      | Reached * piety under Dithmenos
  4682 | D:6      | Identified the +4 whip of Due Proportion {freeze, rCorr
                  | Dex+3}
  4787 | D:6      | Reached skill level 5 in Dodging
  4803 | D:6      | Found a glowing drain.
  4815 | Sewer    | Entered a sewer
  4924 | Sewer    | Found a burning altar of Makhleb.
  4989 | Sewer    | Reached ** piety under Dithmenos
  5134 | D:6      | Reached skill level 5 in Fighting
  5136 | D:6      | HP: 2/61 [orc/+0 falchion (5)]
  5137 | D:6      | Slain by an orc

Illustrated notes

Levels and vault maps discovered:
D:1:      dpeg_arrival_rooms_c, layout_rooms, serial_shops, shop,
          shapermc_ecumenical_altar_venn, serial_bayou, serial_bayou_lagoon_a,
          serial_bayou_pond_d, serial_bayou_shore_a, serial_bayou_lake_a
D:2:      layout_rooms, chequers_serial_rivers_small_a,
          minmay_misc_feat_hallway, uniq_crazy_yiuf_cottage
D:3:      layout_basic, mainiacjoe_overflow_catwalk,
          chequers_hall_statues_wall_a, uniq_grinder
D:4:      layout_basic, amethyst_overflow_temple_binary, serial_shops, shop
D:5:      layout_basic, ashenzari_altar_1, mainiacjoe_overflow_cross_hatched,
          nicolae_qazlal_eye_of_the_storm, general_overflow_altar,
          old_standard_altar, minmay_temple_entry_crystal_x, serial_glass,
          glass_columns_a, glass_columns_a, glass_columns_b, glass_columns_c,
          glass_columns_b, glass_columns_b, glass_columns_b, glass_columns_a,
          glass_columns_a, glass_columns_b, glass_columns_b, glass_columns_b,
          glass_columns_b, glass_columns_b, uniq_ijyb, uniq_menkaure, uniq_pikel
D:6:      layout_basic, portal_sewer_entry_f
Temple:   nicolae_temple_ecumenical_triangle

Skill      XL: |  1  2  3  4  5  6  7  8  9 |
---------------+----------------------------+-----
Stealth        | 1 2 3 5 |  5.0
Unarmed Combat | 4 5 6 7 |  7.5
Fighting       | 2 4 5 |  5.0
Dodging        | 3 4 5 |  5.2
Shapeshifting  | 4 5 6 |  6.0

Action                     |  1- 3 |  4- 6 |  7- 9 || total
---------------------------+-------+-------+-------++-------
  Melee: Unarmed           |    64 |    82 |   182 ||   328
         Constrict         |    15 |    25 |    40 ||    80
         Tentacles         |     7 |    17 |    42 ||    66
         Punch             |     1 |     1 |     8 ||    10
    Use: Potion            |       |     1 |     3 ||     4
         Scroll            |       |       |     7 ||     7
   Stab: Sleeping          |     8 |     7 |    14 ||    29
         Distracted        |       |       |     1 ||     1
 Armour: Skin              |    22 |    25 |    94 ||   141
  Dodge: Dodged            |    42 |    38 |    97 ||   177

Table legend: (Time is in decaauts)
 A = Elapsed time spent in this place.
 B = Non-inter-level travel time spent in this place.
 C = Inter-level travel time spent in this place.
 D = Time resting spent in this place.
 E = Time spent auto-exploring this place.
 F = Levels seen in this place.
 G = Mean time per level.
                   A        B        C        D        E       F      G
               +--------+--------+--------+--------+--------+-----+--------+
         Total |   5105 |   4727 |    378 |     73 |   3660 |   8 |  638.1 |
       Dungeon |   4799 |   4429 |    370 |     73 |   3508 |   6 |  799.8 |
        Temple |     18 |     10 |      8 |      0 |      0 |   1 |   18.0 |
         Sewer |    287 |    287 |      0 |      0 |    152 |   1 |  287.0 |
               +--------+--------+--------+--------+--------+-----+--------+

Top non-repeatable levels by time:
     D:4: 1027 daAuts
     D:5: 962 daAuts
     D:3: 886 daAuts
     D:1: 727 daAuts
     D:2: 714 daAuts
     D:6: 481 daAuts
   Sewer: 287 daAuts
  Temple: 18 daAuts
